St-Louis Blues vs Colorado Avalanche

Created - vendredi 30 novembre 2018 at 19:00

Goals
1 2 3 T
St-Louis Blues 1 1 1 3
Colorado Avalanche 0 2 4 6
Shots
1 2 3 T
St-Louis Blues 10 5 12 27
Colorado Avalanche 6 12 13 31

1st period

1. St-Louis Blues , Kyle Brodziak 3 (Alex Pietrangelo 10, Patrik Berglund 6) at 17:39

Penalties :
Jaromir Jagr (COL) for Hooking (Minor) at 6:48, Dougie Hamilton (COL) for Tripping (Minor) at 15:31

2nd period

2. Colorado Avalanche , Matt Duchene 7 (Nathan MacKinnon 11, Dougie Hamilton 9) at 1:10 (PP)
3. Colorado Avalanche , Nick Holden 3 (Brayden Point 11) at 4:56 (PP)
4. St-Louis Blues , Ryan Strome 5 (Ivan Barbashev 3, Paul LaDue 3) at 11:59 (PP)

Penalties :
Chris Stewart (STL) for Holding (Minor) at 0:20, Scottie Upshall (STL) for Hooking (Minor) at 4:43, Paul LaDue (STL) for Tripping (Minor) at 5:24, Jaromir Jagr (COL) for Hooking (Minor) at 11:07

3rd period

5. Colorado Avalanche , Brayden Point 7 (Alexander Kerfoot 8, Lars Eller 5) at 0:42
6. St-Louis Blues , Jamie Oleksiak 2 (Vince Dunn 4, Paul Stastny 15) at 5:52 (PP)
7. Colorado Avalanche , Gabriel Landeskog 6 (Sven Andrighetto 5, Jason Spezza 6) at 10:30
8. Colorado Avalanche , Gabriel Landeskog 7 (Matt Duchene 4, Nathan MacKinnon 12) at 10:36
9. Colorado Avalanche , Nathan MacKinnon 6 (Matt Duchene 5) at 18:00

Penalties :
Nikita Zadorov (COL) for Goalie Interference (Minor) at 5:35, Gabriel Landeskog (COL) for Roughing (Minor) at 8:16, Jamie Oleksiak (STL) for High sticking (Minor) at 19:49

Goalie Stats

Thomas Greiss (STL), 25 saves from 31 shots - (0.806), L, 2-9-1, 60:00 minutes
Semyon Varlamov (COL), 24 saves from 27 shots - (0.889), W, 11-10-2, 60:00 minutes

Players Stats for St-Louis Blues

Player Name              G  A  P  +/- PIM S  H  SB GA TA FO     MP     PP MP  PK MP  
------------------------------------------------------------------------------------
Alex Pietrangelo         0  1  1  -1  0   5  0  0  2  3  0/0    22:28   0:15   1:02 
Carl Gunnarsson          0  0  0  -1  0   0  0  1  0  0  0/0    19:20   3:29   1:26 
Chris Stewart            0  0  0   0  2   0  0  0  0  1  0/2    14:27   0:46   0:14 
Dmitrij Jaskin           0  0  0  -1  0   3  0  0  0  0  0/1    11:01   0:00   0:00 
Ivan Barbashev           0  1  1   0  0   0  6  0  1  1  6/19   16:45   3:20   0:00 
Jacob Josefson           0  0  0  -1  0   1  1  0  0  0  10/17  16:31   3:21   2:18 
Jaden Schwartz           0  0  0  -1  0   3  1  1  0  2  1/3    17:05   3:20   0:00 
Jamie Oleksiak           1  0  1  -2  2   2  0  0  1  0  0/0    25:21   3:21   0:04 
Kyle Brodziak            1  0  1  -1  0   2  2  1  1  0  4/11   11:49   0:19   0:00 
Nikita Soshnikov         0  0  0  -1  0   2  4  0  0  0  0/1    14:31   3:28   0:00 
Patrik Berglund          0  1  1   0  0   2  3  0  0  0  1/1    15:42   1:26   0:40 
Paul LaDue               0  1  1  -1  2   1  1  1  0  0  0/0    20:03   3:45   0:50 
Paul Stastny             0  1  1  -1  0   2  0  0  1  2  2/8    16:37   3:02   0:00 
Robert Bortuzzo          0  0  0   0  0   0  0  2  0  2  0/0    14:16   0:00   1:46 
Ryan Strome              1  0  1  -1  0   1  1  0  0  0  0/0    16:05   2:16   0:14 
Scottie Upshall          0  0  0  -1  2   0  1  0  0  0  0/1    12:17   0:00   0:40 
Troy Brouwer             0  0  0  -1  0   3  1  2  0  0  1/2    13:48   0:00   2:18 
Vince Dunn               0  1  1  -1  0   0  0  0  0  1  0/0    18:38   3:22   1:16 

Players Stats for Colorado Avalanche

Player Name              G  A  P  +/- PIM S  H  SB GA TA FO     MP     PP MP  PK MP  
------------------------------------------------------------------------------------
Alexander Kerfoot        0  1  1   1  0   0  0  0  2  0  0/1    13:05   1:15   0:00 
Brayden Point            1  1  2   0  0   4  0  0  2  0  4/5    16:17   1:27   2:45 
Deryk Engelland          0  0  0   0  0   0  3  1  0  0  0/0    19:28   0:00   3:22 
Dominic Moore            0  0  0   1  0   2  1  1  2  0  9/17   16:19   0:12   3:17 
Dougie Hamilton          0  1  1   0  2   0  1  3  1  2  0/0    18:22   1:54   0:17 
Gabriel Landeskog        2  0  2   3  2   5  6  0  0  0  0/1    17:52   1:45   2:40 
Gustav Nyquist           0  0  0   0  0   4  2  0  0  2  1/2    13:44   0:12   0:46 
Jaromir Jagr             0  0  0   0  4   2  1  0  0  0  0/1    12:13   0:00   0:00 
Jason Spezza             0  1  1   1  0   0  1  0  0  0  5/9    13:26   1:15   0:16 
Kris Versteeg            0  0  0   0  0   1  0  0  0  0  1/1    12:10   0:00   0:00 
Lars Eller               0  1  1   0  0   1  3  1  0  0  9/14   15:35   0:00   3:09 
Mark Barberio            0  0  0   2  0   1  2  3  1  0  0/0    21:51   1:18   3:44 
Matt Duchene             1  2  3   2  0   5  0  0  1  0  0/0    14:39   1:45   0:00 
Nathan MacKinnon         1  2  3   2  0   2  2  0  1  0  11/13  14:46   1:45   0:00 
Nick Holden              1  0  1   2  0   1  0  0  0  1  0/0    21:51   1:18   3:44 
Nikita Zadorov           0  0  0   0  2   0  5  6  0  0  0/0    19:30   0:00   3:05 
Sven Andrighetto         0  1  1   0  0   2  3  1  1  0  1/2    14:03   0:00   1:19 
Tyson Barrie             0  0  0   1  0   1  0  2  1  1  0/0    17:38   1:54   0:00 

3 Stars

1 - Gabriel Landeskog (COL)
2 - Nathan MacKinnon (COL)
3 - Matt Duchene (COL)

Power Play

St-Louis Blues - 2 on 5 Attempt(s) - 40.00%
Colorado Avalanche - 2 on 4 Attempt(s) - 50.00%

Penalty Kill

St-Louis Blues - 2 on 4 Attempt(s) - 50.00% - Score 0 goal in Penalty Kill
Colorado Avalanche - 3 on 5 Attempt(s) - 60.00% - Score 0 goal in Penalty Kill

Team Stat

St-Louis Blues - Hits : 21 - Faceoff Wins : 25 - Blocked Shots : 8 - Penalty Minutes : 8
Colorado Avalanche - Hits : 30 - Faceoff Wins : 41 - Blocked Shots : 18 - Penalty Minutes : 10

Official

Referees : Chris Lee and Ghislain Hebert
Linesman : Lonnie Cameron and Devin Berg

Game Notes

No Game Note

Finance

Level 1 -- Attendance: 10000 (100.00%) -- Ticket Income fr. 800'000
Level 2 -- Attendance: 1546 (77.30%) -- Ticket Income fr. 100'490
Level 3 -- Attendance: 2628 (75.09%) -- Ticket Income fr. 91'980
Level 4 -- Attendance: 1355 (93.45%) -- Ticket Income fr. 27'100
Luxury Box -- Attendance: 47 (94.00%) -- Ticket Income fr. 9'400
Game was played at the Pepsi Center.
Total Attendance: 15576 (91.62%)
Total Ticket Income: fr. 1'028'970
Total Income: fr. 1'028'970

St-Louis Blues

5 vs 5 Forward 
   Center                   Left Wing                Right Wing               Time % Phy DF OF 
 1 Paul Stastny             Jaden Schwartz           Ryan Strome              28     0   0  5  
 2 Ivan Barbashev           Chris Stewart            Patrik Berglund          28     0   1  4  
 3 Kyle Brodziak            Scottie Upshall          Troy Brouwer             24     1   3  1  
 4 Jacob Josefson           Dmitrij Jaskin           Nikita Soshnikov         20     1   2  2  

5 vs 5 Defense 
   Defense                  Defense                                           Time % Phy DF OF 
 1 Jamie Oleksiak           Carl Gunnarsson                                   30     1   1  3  
 2 Alex Pietrangelo         Paul LaDue                                        30     1   1  3  
 3 Robert Bortuzzo          Vince Dunn                                        20     1   3  1  
 4 Alex Pietrangelo         Jamie Oleksiak                                    20     0   3  2  

PowerPlay Forward 
   Center                   Left Wing                Right Wing               Time % Phy DF OF 
 1 Paul Stastny             Jaden Schwartz           Nikita Soshnikov         60     0   0  5  
 2 Jacob Josefson           Ivan Barbashev           Ryan Strome              40     1   0  4  

PowerPlay Defense
   Defense                  Defense                                           Time % Phy DF OF 
 1 Vince Dunn               Jamie Oleksiak                                    50     1   0  4  
 2 Carl Gunnarsson          Paul LaDue                                        50     1   1  3  

Penalty Kill 4 Players Forward 
   Center                   Wing                     Time % Phy DF OF 
 1 Jacob Josefson           Troy Brouwer             60     1   4  0  
 2 Patrik Berglund          Scottie Upshall          40     2   3  0  

Penalty Kill 4 Players Defense
   Defense                  Defense                  Time % Phy DF OF 
 1 Robert Bortuzzo          Paul LaDue               50     2   3  0  
 2 Carl Gunnarsson          Vince Dunn               50     1   4  0  

Penalty Kill - 3 Players Forward 
   Forward                                           Time % Phy DF OF 
 1 Jacob Josefson                                    50     0   5  0  
 2 Ryan Strome                                       50     1   4  0  

Penalty Kill - 3 Players Defense
   Defense                  Defense                  Time % Phy DF OF 
 1 Robert Bortuzzo          Jamie Oleksiak           50     2   3  0  
 2 Carl Gunnarsson          Alex Pietrangelo         50     1   4  0  

4 vs 4 Forward 
   Center                   Wing                     Time % Phy DF OF 
 1 Ryan Strome              Chris Stewart            60     1   2  2  
 2 Kyle Brodziak            Nikita Soshnikov         40     0   2  3  

4 vs 4 Defense
   Defense                  Defense                  Time % Phy DF OF 
 1 Alex Pietrangelo         Vince Dunn               60     1   2  2  
 2 Carl Gunnarsson          Jamie Oleksiak           40     1   2  2  

Last Minutes Offensive
   Center                   Left Wing                Right Wing               Defense                  Defense                  
   Paul Stastny             Jaden Schwartz           Nikita Soshnikov         Alex Pietrangelo         Vince Dunn               

Last Minutes Defensive
   Center                   Left Wing                Right Wing               Defense                  Defense                  
   Kyle Brodziak            Scottie Upshall          Chris Stewart            Carl Gunnarsson          Jamie Oleksiak           

Goaltenders
Starting : Thomas Greiss            
Backup : Jaroslav Halak           

Extra Forwards
Normal : Nikita Soshnikov, Jaden Schwartz, Dmitrij Jaskin - PP : Patrik Berglund, Jacob Josefson - PK : Ryan Strome
Extra Defensemen
Normal : Vince Dunn, Carl Gunnarsson, Jamie Oleksiak - PP : Vince Dunn - PK : Alex Pietrangelo, Paul LaDue
Penalty Shots
Paul Stastny, Jaden Schwartz, Nikita Soshnikov, Ivan Barbashev, Ryan Strome
Custom OT Lines Forwards
Jaden Schwartz, Ryan Strome, Paul Stastny, Kyle Brodziak, Jacob Josefson, Nikita Soshnikov, Troy Brouwer, Dmitrij Jaskin, Ivan Barbashev, Chris Stewart
Custom OT Lines Defensemen
Alex Pietrangelo, Paul LaDue, Vince Dunn, Carl Gunnarsson, Jamie Oleksiak

Scratches
Joel Edmundson (Healthy), J.T. Compher (Healthy), Alex Stalock (Healthy)

Colorado Avalanche

5 vs 5 Forward 
   Center                   Left Wing                Right Wing               Time % Phy DF OF 
 1 Nathan MacKinnon         Gabriel Landeskog        Matt Duchene             25     0   2  3  
 2 Jason Spezza             Alexander Kerfoot        Brayden Point            25     1   2  2  
 3 Lars Eller               Sven Andrighetto         Gustav Nyquist           25     0   3  2  
 4 Dominic Moore            Kris Versteeg            Jaromir Jagr             25     0   3  2  

5 vs 5 Defense 
   Defense                  Defense                                           Time % Phy DF OF 
 1 Nikita Zadorov           Dougie Hamilton                                   33     0   3  2  
 2 Deryk Engelland          Tyson Barrie                                      33     0   4  1  
 3 Mark Barberio            Nick Holden                                       33     0   4  1  
 4 Nikita Zadorov           Dougie Hamilton                                   1      0   4  1  

PowerPlay Forward 
   Center                   Left Wing                Right Wing               Time % Phy DF OF 
 1 Nathan MacKinnon         Gabriel Landeskog        Matt Duchene             50     0   0  5  
 2 Jason Spezza             Alexander Kerfoot        Brayden Point            50     0   0  5  

PowerPlay Defense
   Defense                  Defense                                           Time % Phy DF OF 
 1 Dougie Hamilton          Tyson Barrie                                      50     0   1  4  
 2 Mark Barberio            Nick Holden                                       50     0   1  4  

Penalty Kill 4 Players Forward 
   Center                   Wing                     Time % Phy DF OF 
 1 Brayden Point            Lars Eller               50     0   4  1  
 2 Dominic Moore            Gabriel Landeskog        50     0   4  1  

Penalty Kill 4 Players Defense
   Defense                  Defense                  Time % Phy DF OF 
 1 Nikita Zadorov           Deryk Engelland          50     0   5  0  
 2 Nick Holden              Mark Barberio            50     0   5  0  

Penalty Kill - 3 Players Forward 
   Forward                                           Time % Phy DF OF 
 1 Brayden Point                                     50     0   4  1  
 2 Dominic Moore                                     50     0   4  1  

Penalty Kill - 3 Players Defense
   Defense                  Defense                  Time % Phy DF OF 
 1 Nikita Zadorov           Deryk Engelland          50     0   5  0  
 2 Nick Holden              Mark Barberio            50     0   5  0  

4 vs 4 Forward 
   Center                   Wing                     Time % Phy DF OF 
 1 Nathan MacKinnon         Gabriel Landeskog        50     0   0  5  
 2 Brayden Point            Matt Duchene             50     0   0  5  

4 vs 4 Defense
   Defense                  Defense                  Time % Phy DF OF 
 1 Nikita Zadorov           Tyson Barrie             50     0   4  1  
 2 Dougie Hamilton          Nick Holden              50     0   4  1  

Last Minutes Offensive
   Center                   Left Wing                Right Wing               Defense                  Defense                  
   Nathan MacKinnon         Gabriel Landeskog        Brayden Point            Tyson Barrie             Dougie Hamilton          

Last Minutes Defensive
   Center                   Left Wing                Right Wing               Defense                  Defense                  
   Lars Eller               Gabriel Landeskog        Brayden Point            Nikita Zadorov           Deryk Engelland          

Goaltenders
Starting : Semyon Varlamov          
Backup : Jonathan Bernier         

Extra Forwards
Normal : Alexander Kerfoot, Jason Spezza, Sven Andrighetto - PP : Alexander Kerfoot, Jason Spezza - PK : Sven Andrighetto
Extra Defensemen
Normal : Dougie Hamilton, Tyson Barrie, Nikita Zadorov - PP : Dougie Hamilton - PK : Deryk Engelland, Nikita Zadorov
Penalty Shots
Nathan MacKinnon, Gabriel Landeskog, Brayden Point, Matt Duchene, Gustav Nyquist
Custom OT Lines Forwards
Nathan MacKinnon, Gabriel Landeskog, Brayden Point, Matt Duchene, Gustav Nyquist, Alexander Kerfoot, Sven Andrighetto, Lars Eller, Jason Spezza, Jaromir Jagr
Custom OT Lines Defensemen
Nikita Zadorov, Tyson Barrie, Dougie Hamilton, Nick Holden, Mark Barberio

Scratches
Zach Bogosian (Healthy), Zack Kassian (Healthy), David Booth (Healthy)

% Time on Ice - St-Louis Blues

Lines # - Real PCT - Wanted PCT - Time Play
Normal Forward
1 - 27% - 28% - 13:38
2 - 27% - 28% - 13:33
3 - 23% - 24% - 11:30
4 - 22% - 20% - 11:01
Normal Defense
1 - 29% - 30% - 14:31
2 - 30% - 30% - 14:58
3 - 23% - 20% - 11:31
4 - 18% - 20% - 8:42
PP Forward
1 - 53% - 60% - 3:46
2 - 47% - 40% - 3:20
PP Defense
1 - 47% - 50% - 3:21
2 - 53% - 50% - 3:45
PK Forward
1 - 79% - 60% - 2:32
2 - 21% - 40% - 0:40
PK Defense
1 - 60% - 50% - 1:56
2 - 40% - 50% - 1:16
PK3 Forward
1 - 0% - 50%
2 - 0% - 50%
PK3 Defense
1 - 0% - 50%
2 - 0% - 50%
44 Forward
1 - 0% - 60%
2 - 0% - 40%
44 Defense
1 - 0% - 60%
2 - 0% - 40%
Last Minute Offensive  - 0:00
Last Minute Defensive  - 0:00
Total
Forward - 60:00
Defense - 60:00

% Time on Ice - Colorado Avalanche

Lines # - Real PCT - Wanted PCT - Time Play
Normal Forward
1 - 26% - 25% - 13:03
2 - 25% - 25% - 12:15
3 - 25% - 25% - 12:13
4 - 25% - 25% - 12:11
Normal Defense
1 - 34% - 33% - 16:56
2 - 33% - 33% - 16:12
3 - 33% - 33% - 16:34
4 - 0% - 1% - 0:00
PP Forward
1 - 55% - 50% - 1:45
2 - 45% - 50% - 1:27
PP Defense
1 - 59% - 50% - 1:54
2 - 41% - 50% - 1:18
PK Forward
1 - 46% - 50% - 3:14
2 - 54% - 50% - 3:52
PK Defense
1 - 47% - 50% - 3:22
2 - 53% - 50% - 3:44
PK3 Forward
1 - 0% - 50%
2 - 0% - 50%
PK3 Defense
1 - 0% - 50%
2 - 0% - 50%
44 Forward
1 - 0% - 50%
2 - 0% - 50%
44 Defense
1 - 0% - 50%
2 - 0% - 50%
Last Minute Offensive  - 0:00
Last Minute Defensive  - 0:00
Total
Forward - 60:00
Defense - 60:00

Play-by-Play

1st period


0:01 of 1st period - Nathan MacKinnon wins face-off versus Paul Stastny in neutral zone.
0:43 of 1st period - Off-side.
0:44 of 1st period - Kyle Brodziak wins face-off versus Lars Eller in neutral zone.
0:57 of 1st period - Slapshot by Alex Pietrangelo.
0:57 of 1st period - Stopped by Semyon Varlamov without a rebound.
0:58 of 1st period - Dominic Moore wins face-off versus Nikita Soshnikov in Colorado Avalanche zone.
0:58 of 1st period - Dominic Moore is hit by Nikita Soshnikov.
1:44 of 1st period - Nathan MacKinnon is hit by Ivan Barbashev and loses puck.
2:03 of 1st period - Paul LaDue is hit by Gustav Nyquist and loses puck.
2:25 of 1st period - Wrist shot by Dominic Moore.
2:25 of 1st period - Stopped by Thomas Greiss with a rebound.
2:42 of 1st period - Slapshot by Alex Pietrangelo.
2:42 of 1st period - Deflect By Deryk Engelland.
2:42 of 1st period - Stopped by Semyon Varlamov with a rebound.
2:44 of 1st period - Backhand shot by Alex Pietrangelo.
2:44 of 1st period - Stopped by Semyon Varlamov without a rebound.
2:45 of 1st period - Paul Stastny wins face-off versus Alexander Kerfoot in Colorado Avalanche zone.
3:18 of 1st period - Snap shot by Jaden Schwartz.
3:18 of 1st period - Stopped by Semyon Varlamov with a rebound.
4:21 of 1st period - Wrist shot by Brayden Point.
4:21 of 1st period - Stopped by Thomas Greiss with a rebound.
5:30 of 1st period - Wrist shot by Paul Stastny.
5:30 of 1st period - Shot Misses the Net.
5:36 of 1st period - Snap shot by Jaden Schwartz.
5:36 of 1st period - Stopped by Semyon Varlamov without a rebound.
5:37 of 1st period - Ivan Barbashev wins face-off versus Dominic Moore in Colorado Avalanche zone.
5:38 of 1st period - Wrist shot by Alex Pietrangelo.
5:38 of 1st period - Shot Blocked by Nikita Zadorov.
6:02 of 1st period - Matt Duchene is hit by Troy Brouwer and loses puck.
6:18 of 1st period - Icing by Troy Brouwer.
6:19 of 1st period - Kyle Brodziak wins face-off versus Gustav Nyquist in St-Louis Blues zone.
6:24 of 1st period - Dougie Hamilton is hit by Ivan Barbashev and loses puck.
6:29 of 1st period - Snap shot by Patrik Berglund.
6:29 of 1st period - Shot Misses the Net.
6:31 of 1st period - Slapshot by Paul LaDue.
6:31 of 1st period - Stopped by Semyon Varlamov without a rebound.
6:32 of 1st period - Jacob Josefson wins face-off versus Dominic Moore in Colorado Avalanche zone.
6:37 of 1st period - Wrist shot by Dmitrij Jaskin.
6:37 of 1st period - Shot Blocked by Dominic Moore.
6:48 of 1st period - Minor Penalty to Jaromir Jagr for Hooking.
6:49 of 1st period - Jacob Josefson wins face-off versus Dominic Moore in Colorado Avalanche zone.
6:58 of 1st period - Wrist shot by Gabriel Landeskog.
6:58 of 1st period - Shot Misses the Net.
7:04 of 1st period - Slapshot by Patrik Berglund.
7:04 of 1st period - Stopped by Semyon Varlamov without a rebound.
7:05 of 1st period - Dominic Moore wins face-off versus Jacob Josefson in Colorado Avalanche zone.
7:18 of 1st period - Mark Barberio is hit by Ivan Barbashev and loses puck.
7:30 of 1st period - Icing by Nikita Soshnikov.
7:31 of 1st period - Jacob Josefson wins face-off versus Sven Andrighetto in St-Louis Blues zone.
7:56 of 1st period - Ivan Barbashev is hit by Deryk Engelland and loses puck.
8:19 of 1st period - Gabriel Landeskog is hit by Ivan Barbashev and loses puck.
8:48 of 1st period - Penalty to Jaromir Jagr is over, Jaromir Jagr is back on ice.
8:54 of 1st period - Scottie Upshall is hit by Nikita Zadorov and loses puck.
9:07 of 1st period - Alex Pietrangelo is hit by Nikita Zadorov and loses puck.
9:20 of 1st period - Ivan Barbashev is hit by Mark Barberio and loses puck.
10:18 of 1st period - Alex Pietrangelo is hit by Sven Andrighetto and loses puck.
11:45 of 1st period - Vince Dunn is hit by Gabriel Landeskog and loses puck.
11:58 of 1st period - Jaden Schwartz is hit by Nikita Zadorov and loses puck.
12:11 of 1st period - Troy Brouwer is hit by Dougie Hamilton and loses puck.
12:40 of 1st period - Paul LaDue is hit by Nathan MacKinnon and loses puck.
13:37 of 1st period - Carl Gunnarsson is hit by Gabriel Landeskog and loses puck.
13:51 of 1st period - Slapshot by Alex Pietrangelo.
13:51 of 1st period - Shot Blocked by Nikita Zadorov.
14:10 of 1st period - Brayden Point is hit by Scottie Upshall and loses puck.
14:33 of 1st period - Snap shot by Paul Stastny.
14:33 of 1st period - Stopped by Semyon Varlamov without a rebound.
14:34 of 1st period - Lars Eller wins face-off versus Dmitrij Jaskin in Colorado Avalanche zone.
14:47 of 1st period - Wrist shot by Gustav Nyquist.
14:47 of 1st period - Stopped by Thomas Greiss with a rebound.
15:18 of 1st period - Gabriel Landeskog is hit by Paul LaDue and loses puck.
15:31 of 1st period - Minor Penalty to Dougie Hamilton for Tripping.
15:32 of 1st period - Brayden Point wins face-off versus Paul Stastny in Colorado Avalanche zone.
15:46 of 1st period - Slapshot by Jaden Schwartz.
15:46 of 1st period - Deflect By Nikita Soshnikov.
15:46 of 1st period - Stopped by Semyon Varlamov without a rebound.
15:47 of 1st period - Jaden Schwartz wins face-off versus Dominic Moore in Colorado Avalanche zone.
16:00 of 1st period - Wrist shot by Paul Stastny.
16:00 of 1st period - Shot Misses the Net.
16:19 of 1st period - Nikita Zadorov is hit by Ryan Strome and loses puck.
16:34 of 1st period - Paul Stastny is hit by Deryk Engelland and loses puck.
17:31 of 1st period - Penalty to Dougie Hamilton is over, Dougie Hamilton is back on ice.
17:39 of 1st period - Wrist shot by Kyle Brodziak.
17:39 of 1st period - Goal by Kyle Brodziak - St-Louis Blues : 1 - Colorado Avalanche : 0.
17:40 of 1st period - Dominic Moore wins face-off versus Ivan Barbashev in neutral zone.
18:07 of 1st period - Jamie Oleksiak is hit by Lars Eller and loses puck.
18:35 of 1st period - Alex Pietrangelo is hit by Nikita Zadorov and loses puck.
18:48 of 1st period - Alex Pietrangelo is hit by Jason Spezza and loses puck.
19:06 of 1st period - Icing by Jaden Schwartz.
19:07 of 1st period - Dominic Moore wins face-off versus Ivan Barbashev in St-Louis Blues zone.
19:10 of 1st period - Wrist shot by Jaromir Jagr.
19:10 of 1st period - Stopped by Thomas Greiss with a rebound.
19:12 of 1st period - Slapshot by Dominic Moore.
19:12 of 1st period - Stopped by Thomas Greiss with a rebound.
19:36 of 1st period - Wrist shot by Matt Duchene.
19:36 of 1st period - Stopped by Thomas Greiss without a rebound.
19:37 of 1st period - Nathan MacKinnon wins face-off versus Kyle Brodziak in St-Louis Blues zone.
Goals for this period are 1 for St-Louis Blues vs 0 for Colorado Avalanche.
Shots for this period are 10 for St-Louis Blues vs 6 for Colorado Avalanche.

2nd period


0:01 of 2nd period - Lars Eller wins face-off versus Chris Stewart in neutral zone.
0:20 of 2nd period - Minor Penalty to Chris Stewart for Holding.
0:21 of 2nd period - Nathan MacKinnon wins face-off versus Jacob Josefson in St-Louis Blues zone.
0:26 of 2nd period - Snap shot by Matt Duchene.
0:26 of 2nd period - Stopped by Thomas Greiss without a rebound.
0:27 of 2nd period - Nathan MacKinnon wins face-off versus Jacob Josefson in St-Louis Blues zone.
0:58 of 2nd period - Slapshot by Tyson Barrie.
0:58 of 2nd period - Shot Blocked by Paul LaDue.
1:10 of 2nd period - Wrist shot by Matt Duchene.
1:10 of 2nd period - Goal by Matt Duchene - St-Louis Blues : 1 - Colorado Avalanche : 1.
1:11 of 2nd period - Lars Eller wins face-off versus Chris Stewart in neutral zone.
1:57 of 2nd period - Jacob Josefson is hit by Mark Barberio and loses puck.
2:08 of 2nd period - Wrist shot by Nathan MacKinnon.
2:08 of 2nd period - Stopped by Thomas Greiss with a rebound.
2:45 of 2nd period - Wrist shot by Ivan Barbashev.
2:45 of 2nd period - Shot Blocked by Nikita Zadorov.
2:47 of 2nd period - Wrist shot by Ivan Barbashev.
2:47 of 2nd period - Shot Blocked by Nikita Zadorov.
3:05 of 2nd period - Slapshot by Nikita Zadorov.
3:05 of 2nd period - Shot Blocked by Jaden Schwartz.
3:07 of 2nd period - Slapshot by Dougie Hamilton.
3:07 of 2nd period - Deflect By Dominic Moore.
3:07 of 2nd period - Shot Misses the Net.
3:07 of 2nd period - Puck is out of play.
3:08 of 2nd period - Nathan MacKinnon wins face-off versus Kyle Brodziak in St-Louis Blues zone.
3:15 of 2nd period - Backhand shot by Nathan MacKinnon.
3:15 of 2nd period - Shot Blocked by Robert Bortuzzo.
3:23 of 2nd period - Wrist shot by Troy Brouwer.
3:23 of 2nd period - Shot Misses the Net.
3:41 of 2nd period - Snap shot by Ivan Barbashev.
3:41 of 2nd period - Shot Misses the Net.
3:43 of 2nd period - Snap shot by Ivan Barbashev.
3:43 of 2nd period - Shot Misses the Net.
3:45 of 2nd period - Slapshot by Carl Gunnarsson.
3:45 of 2nd period - Shot Blocked by Tyson Barrie.
3:55 of 2nd period - Slapshot by Tyson Barrie.
3:55 of 2nd period - Stopped by Thomas Greiss with a rebound.
3:57 of 2nd period - Slapshot by Dominic Moore.
3:57 of 2nd period - Shot Misses the Net.
4:21 of 2nd period - Snap shot by Gustav Nyquist.
4:21 of 2nd period - Stopped by Thomas Greiss without a rebound.
4:22 of 2nd period - Lars Eller wins face-off versus Kyle Brodziak in St-Louis Blues zone.
4:43 of 2nd period - Minor Penalty to Scottie Upshall for Hooking.
4:44 of 2nd period - Jacob Josefson wins face-off versus Jason Spezza in St-Louis Blues zone.
4:56 of 2nd period - Slapshot by Nick Holden.
4:56 of 2nd period - Goal by Nick Holden - St-Louis Blues : 1 - Colorado Avalanche : 2.
4:57 of 2nd period - Jacob Josefson wins face-off versus Dominic Moore in neutral zone.
5:02 of 2nd period - Snap shot by Dmitrij Jaskin.
5:02 of 2nd period - Stopped by Semyon Varlamov without a rebound.
5:03 of 2nd period - Jacob Josefson wins face-off versus Dominic Moore in Colorado Avalanche zone.
5:08 of 2nd period - Slapshot by Alex Pietrangelo.
5:08 of 2nd period - Deflect By Dmitrij Jaskin.
5:08 of 2nd period - Stopped by Semyon Varlamov with a rebound.
5:18 of 2nd period - Jaromir Jagr is hit by Nikita Soshnikov and loses puck.
5:24 of 2nd period - Minor Penalty to Paul LaDue for Tripping.
5:25 of 2nd period - Jacob Josefson wins face-off versus Jason Spezza in St-Louis Blues zone.
6:30 of 2nd period - Wrist shot by Ryan Strome.
6:30 of 2nd period - Shot Misses the Net.
6:48 of 2nd period - Snap shot by Patrik Berglund.
6:48 of 2nd period - Shot Misses the Net.
7:24 of 2nd period - Penalty to Paul LaDue is over, Paul LaDue is back on ice.
7:42 of 2nd period - Sven Andrighetto is hit by Jaden Schwartz and loses puck.
8:35 of 2nd period - Snap shot by Jaden Schwartz.
8:35 of 2nd period - Deflect By Gabriel Landeskog.
8:35 of 2nd period - Shot Misses the Net.
8:35 of 2nd period - Puck is out of play.
8:36 of 2nd period - Nathan MacKinnon wins face-off versus Jacob Josefson in Colorado Avalanche zone.
8:41 of 2nd period - Nikita Soshnikov is hit by Gabriel Landeskog and loses puck.
8:56 of 2nd period - Slapshot by Gustav Nyquist.
8:56 of 2nd period - Deflect By Lars Eller.
8:56 of 2nd period - Stopped by Thomas Greiss without a rebound.
8:57 of 2nd period - Dominic Moore wins face-off versus Ivan Barbashev in St-Louis Blues zone.
9:04 of 2nd period - Wrist shot by Kris Versteeg.
9:04 of 2nd period - Stopped by Thomas Greiss without a rebound.
9:05 of 2nd period - Dominic Moore wins face-off versus Kyle Brodziak in St-Louis Blues zone.
9:14 of 2nd period - Slapshot by Kris Versteeg.
9:14 of 2nd period - Deflect By Jaromir Jagr.
9:14 of 2nd period - Shot Blocked by Kyle Brodziak.
9:14 of 2nd period - Puck is out of play.
9:15 of 2nd period - Gustav Nyquist wins face-off versus Kyle Brodziak in St-Louis Blues zone.
9:31 of 2nd period - Wrist shot by Troy Brouwer.
9:31 of 2nd period - Stopped by Semyon Varlamov with a rebound.
9:33 of 2nd period - Slapshot by Vince Dunn.
9:33 of 2nd period - Shot Blocked by Sven Andrighetto.
9:35 of 2nd period - Slapshot by Vince Dunn.
9:35 of 2nd period - Shot Blocked by Nikita Zadorov.
9:44 of 2nd period - Icing by Troy Brouwer.
9:45 of 2nd period - Nathan MacKinnon wins face-off versus Troy Brouwer in St-Louis Blues zone.
9:46 of 2nd period - Snap shot by Matt Duchene.
9:46 of 2nd period - Shot Blocked by Troy Brouwer.
9:48 of 2nd period - Snap shot by Gabriel Landeskog.
9:48 of 2nd period - Shot Misses the Net.
9:50 of 2nd period - Snap shot by Gabriel Landeskog.
9:50 of 2nd period - Stopped by Thomas Greiss without a rebound.
9:51 of 2nd period - Nathan MacKinnon wins face-off versus Ivan Barbashev in St-Louis Blues zone.
10:00 of 2nd period - Snap shot by Gabriel Landeskog.
10:00 of 2nd period - Shot Misses the Net.
10:22 of 2nd period - Slapshot by Tyson Barrie.
10:22 of 2nd period - Deflect By Kris Versteeg.
10:22 of 2nd period - Shot Misses the Net.
10:22 of 2nd period - Puck is out of play.
10:23 of 2nd period - Kyle Brodziak wins face-off versus Dominic Moore in St-Louis Blues zone.
11:07 of 2nd period - Minor Penalty to Jaromir Jagr for Hooking.
11:08 of 2nd period - Brayden Point wins face-off versus Jaden Schwartz in Colorado Avalanche zone.
11:34 of 2nd period - Vince Dunn is hit by Gabriel Landeskog.
11:37 of 2nd period - Off-side.
11:38 of 2nd period - Jacob Josefson wins face-off versus Dominic Moore in neutral zone.
11:59 of 2nd period - Snap shot by Ryan Strome.
11:59 of 2nd period - Goal by Ryan Strome - St-Louis Blues : 2 - Colorado Avalanche : 2.
12:00 of 2nd period - Lars Eller wins face-off versus Ivan Barbashev in neutral zone.
12:30 of 2nd period - Off-side.
12:31 of 2nd period - Nathan MacKinnon wins face-off versus Jacob Josefson in neutral zone.
12:34 of 2nd period - Dmitrij Jaskin is hit by Gabriel Landeskog and loses puck.
13:09 of 2nd period - Snap shot by Matt Duchene.
13:09 of 2nd period - Shot Misses the Net.
13:11 of 2nd period - Slapshot by Mark Barberio.
13:11 of 2nd period - Stopped by Thomas Greiss with a rebound.
13:13 of 2nd period - Slapshot by Nick Holden.
13:13 of 2nd period - Shot Hit the Post.
13:15 of 2nd period - Slapshot by Matt Duchene.
13:15 of 2nd period - Shot Hit the Post.
13:35 of 2nd period - Snap shot by Gabriel Landeskog.
13:35 of 2nd period - Stopped by Thomas Greiss with a rebound.
14:18 of 2nd period - Wrist shot by Nathan MacKinnon.
14:18 of 2nd period - Deflect By Matt Duchene.
14:18 of 2nd period - Stopped by Thomas Greiss without a rebound.
14:19 of 2nd period - Ivan Barbashev wins face-off versus Lars Eller in St-Louis Blues zone.
14:19 of 2nd period - Ivan Barbashev is hit by Sven Andrighetto.
14:45 of 2nd period - Snap shot by Troy Brouwer.
14:45 of 2nd period - Stopped by Semyon Varlamov with a rebound.
14:53 of 2nd period - Slapshot by Scottie Upshall.
14:53 of 2nd period - Shot Misses the Net.
15:07 of 2nd period - Carl Gunnarsson is hit by Deryk Engelland and loses puck.
16:01 of 2nd period - Jason Spezza is hit by Ivan Barbashev and loses puck.
17:22 of 2nd period - Jamie Oleksiak is hit by Gabriel Landeskog and loses puck.
17:33 of 2nd period - Matt Duchene is hit by Kyle Brodziak and loses puck.
18:01 of 2nd period - Icing by Paul LaDue.
18:02 of 2nd period - Ivan Barbashev wins face-off versus Nathan MacKinnon in St-Louis Blues zone.
18:21 of 2nd period - Nikita Zadorov is hit by Jacob Josefson.
19:09 of 2nd period - Wrist shot by Patrik Berglund.
19:09 of 2nd period - Shot Misses the Net.
Goals for this period are 1 for St-Louis Blues vs 2 for Colorado Avalanche.
Shots for this period are 5 for St-Louis Blues vs 12 for Colorado Avalanche.

3rd period


0:01 of 3rd period - Ivan Barbashev wins face-off versus Lars Eller in neutral zone.
0:04 of 3rd period - Snap shot by Patrik Berglund.
0:04 of 3rd period - Stopped by Semyon Varlamov without a rebound.
0:05 of 3rd period - Sven Andrighetto wins face-off versus Ivan Barbashev in Colorado Avalanche zone.
0:42 of 3rd period - Snap shot by Brayden Point.
0:42 of 3rd period - Goal by Brayden Point - St-Louis Blues : 2 - Colorado Avalanche : 3.
0:43 of 3rd period - Dominic Moore wins face-off versus Ivan Barbashev in neutral zone.
0:59 of 3rd period - Dominic Moore is hit by Patrik Berglund and loses puck.
2:01 of 3rd period - Snap shot by Gabriel Landeskog.
2:01 of 3rd period - Shot Misses the Net.
2:10 of 3rd period - Off-side.
2:11 of 3rd period - Ivan Barbashev wins face-off versus Jaromir Jagr in neutral zone.
2:23 of 3rd period - Icing by Nick Holden.
2:24 of 3rd period - Dominic Moore wins face-off versus Paul Stastny in Colorado Avalanche zone.
2:37 of 3rd period - Snap shot by Dominic Moore.
2:37 of 3rd period - Shot Misses the Net.
2:47 of 3rd period - Snap shot by Jaromir Jagr.
2:47 of 3rd period - Stopped by Thomas Greiss with a rebound.
3:27 of 3rd period - Wrist shot by Jaden Schwartz.
3:27 of 3rd period - Shot Blocked by Mark Barberio.
3:49 of 3rd period - Snap shot by Paul Stastny.
3:49 of 3rd period - Stopped by Semyon Varlamov without a rebound.
3:50 of 3rd period - Kyle Brodziak wins face-off versus Lars Eller in Colorado Avalanche zone.
4:21 of 3rd period - Snap shot by Brayden Point.
4:21 of 3rd period - Shot Misses the Net.
4:32 of 3rd period - Off-side.
4:33 of 3rd period - Jacob Josefson wins face-off versus Gabriel Landeskog in neutral zone.
4:41 of 3rd period - Snap shot by Matt Duchene.
4:41 of 3rd period - Shot Misses the Net.
5:20 of 3rd period - Snap shot by Nikita Soshnikov.
5:20 of 3rd period - Stopped by Semyon Varlamov with a rebound.
5:22 of 3rd period - Snap shot by Jacob Josefson.
5:22 of 3rd period - Stopped by Semyon Varlamov without a rebound.
5:23 of 3rd period - Lars Eller wins face-off versus Ivan Barbashev in Colorado Avalanche zone.
5:35 of 3rd period - Minor Penalty to Nikita Zadorov for Goalie Interference.
5:36 of 3rd period - Brayden Point wins face-off versus Jaden Schwartz in Colorado Avalanche zone.
5:38 of 3rd period - Wrist shot by Paul Stastny.
5:38 of 3rd period - Deflect By Brayden Point.
5:38 of 3rd period - Shot Blocked by Deryk Engelland.
5:38 of 3rd period - Puck is out of play.
5:39 of 3rd period - Brayden Point wins face-off versus Paul Stastny in Colorado Avalanche zone.
5:48 of 3rd period - Backhand shot by Paul Stastny.
5:48 of 3rd period - Shot Misses the Net.
5:50 of 3rd period - Slapshot by Vince Dunn.
5:50 of 3rd period - Shot Blocked by Dougie Hamilton.
5:52 of 3rd period - Slapshot by Jamie Oleksiak.
5:52 of 3rd period - Goal by Jamie Oleksiak - St-Louis Blues : 3 - Colorado Avalanche : 3.
5:53 of 3rd period - Troy Brouwer wins face-off versus Lars Eller in neutral zone.
6:02 of 3rd period - Wrist shot by Kyle Brodziak.
6:02 of 3rd period - Deflect By Troy Brouwer.
6:02 of 3rd period - Stopped by Semyon Varlamov with a rebound.
6:04 of 3rd period - Snap shot by Kyle Brodziak.
6:04 of 3rd period - Stopped by Semyon Varlamov with a rebound.
6:06 of 3rd period - Snap shot by Kyle Brodziak.
6:06 of 3rd period - Shot Blocked by Dougie Hamilton.
6:18 of 3rd period - Dougie Hamilton is hit by Patrik Berglund and loses puck.
7:06 of 3rd period - Backhand shot by Dougie Hamilton.
7:06 of 3rd period - Shot Blocked by Robert Bortuzzo.
7:22 of 3rd period - Troy Brouwer is hit by Gustav Nyquist and loses puck.
7:29 of 3rd period - Wrist shot by Gustav Nyquist.
7:29 of 3rd period - Stopped by Thomas Greiss with a rebound.
7:31 of 3rd period - Wrist shot by Sven Andrighetto.
7:31 of 3rd period - Shot Misses the Net.
7:43 of 3rd period - Alexander Kerfoot is hit by Patrik Berglund and loses puck.
8:00 of 3rd period - Wrist shot by Ivan Barbashev.
8:00 of 3rd period - Deflect By Jaden Schwartz.
8:00 of 3rd period - Stopped by Semyon Varlamov with a rebound.
8:16 of 3rd period - Minor Penalty to Gabriel Landeskog for Roughing.
8:17 of 3rd period - Paul Stastny wins face-off versus Brayden Point in Colorado Avalanche zone.
10:16 of 3rd period - Penalty to Gabriel Landeskog is over, Gabriel Landeskog is back on ice.
10:28 of 3rd period - Wrist shot by Gabriel Landeskog.
10:28 of 3rd period - Shot Blocked by Troy Brouwer.
10:30 of 3rd period - Wrist shot by Gabriel Landeskog.
10:30 of 3rd period - Goal by Gabriel Landeskog - St-Louis Blues : 3 - Colorado Avalanche : 4.
10:31 of 3rd period - Nathan MacKinnon wins face-off versus Scottie Upshall in neutral zone.
10:34 of 3rd period - Snap shot by Matt Duchene.
10:34 of 3rd period - Shot Misses the Net.
10:36 of 3rd period - Slapshot by Gabriel Landeskog.
10:36 of 3rd period - Goal by Gabriel Landeskog - St-Louis Blues : 3 - Colorado Avalanche : 5.
10:37 of 3rd period - Lars Eller wins face-off versus Ivan Barbashev in neutral zone.
11:39 of 3rd period - Jamie Oleksiak is hit by Jaromir Jagr and loses puck.
12:14 of 3rd period - Wrist shot by Patrik Berglund.
12:14 of 3rd period - Shot Blocked by Mark Barberio.
12:16 of 3rd period - Slapshot by Carl Gunnarsson.
12:16 of 3rd period - Deflect By Patrik Berglund.
12:16 of 3rd period - Shot Blocked by Lars Eller.
12:16 of 3rd period - Puck is out of play.
12:17 of 3rd period - Ivan Barbashev wins face-off versus Jason Spezza in Colorado Avalanche zone.
12:18 of 3rd period - Snap shot by Alex Pietrangelo.
12:18 of 3rd period - Deflect By Chris Stewart.
12:18 of 3rd period - Shot Blocked by Tyson Barrie.
12:18 of 3rd period - Puck is out of play.
12:19 of 3rd period - Jason Spezza wins face-off versus Ivan Barbashev in Colorado Avalanche zone.
12:53 of 3rd period - Snap shot by Sven Andrighetto.
12:53 of 3rd period - Stopped by Thomas Greiss without a rebound.
12:54 of 3rd period - Nathan MacKinnon wins face-off versus Paul Stastny in St-Louis Blues zone.
13:19 of 3rd period - Robert Bortuzzo is hit by Lars Eller and loses puck.
14:21 of 3rd period - Jaden Schwartz is hit by Nathan MacKinnon and loses puck.
14:40 of 3rd period - Wrist shot by Patrik Berglund.
14:40 of 3rd period - Shot Blocked by Nikita Zadorov.
14:48 of 3rd period - Robert Bortuzzo is hit by Lars Eller and loses puck.
15:03 of 3rd period - Snap shot by Scottie Upshall.
15:03 of 3rd period - Shot Misses the Net.
15:05 of 3rd period - Slapshot by Kyle Brodziak.
15:05 of 3rd period - Shot Misses the Net.
15:07 of 3rd period - Backhand shot by Vince Dunn.
15:07 of 3rd period - Shot Blocked by Mark Barberio.
15:37 of 3rd period - Deryk Engelland is hit by Nikita Soshnikov and loses puck.
15:46 of 3rd period - Slapshot by Dmitrij Jaskin.
15:46 of 3rd period - Stopped by Semyon Varlamov without a rebound.
15:47 of 3rd period - Lars Eller wins face-off versus Kyle Brodziak in Colorado Avalanche zone.
15:54 of 3rd period - Troy Brouwer is hit by Nikita Zadorov and loses puck.
16:01 of 3rd period - Slapshot by Jamie Oleksiak.
16:01 of 3rd period - Stopped by Semyon Varlamov with a rebound.
16:11 of 3rd period - Sven Andrighetto is hit by Ivan Barbashev and loses puck.
16:18 of 3rd period - Slapshot by Patrik Berglund.
16:18 of 3rd period - Shot Blocked by Dougie Hamilton.
16:22 of 3rd period - Snap shot by Alex Pietrangelo.
16:22 of 3rd period - Stopped by Semyon Varlamov without a rebound.
16:23 of 3rd period - Dominic Moore wins face-off versus Kyle Brodziak in Colorado Avalanche zone.
16:23 of 3rd period - Dominic Moore is hit by Kyle Brodziak.
16:29 of 3rd period - Troy Brouwer is hit by Dominic Moore.
16:49 of 3rd period - Icing by Troy Brouwer.
16:50 of 3rd period - Jacob Josefson wins face-off versus Nathan MacKinnon in St-Louis Blues zone.
16:55 of 3rd period - Dougie Hamilton is hit by Nikita Soshnikov and loses puck.
17:08 of 3rd period - Wrist shot by Gabriel Landeskog.
17:08 of 3rd period - Stopped by Thomas Greiss with a rebound.
17:33 of 3rd period - Snap shot by Nathan MacKinnon.
17:33 of 3rd period - Shot Blocked by Carl Gunnarsson.
17:58 of 3rd period - Snap shot by Matt Duchene.
17:58 of 3rd period - Stopped by Thomas Greiss with a rebound.
18:00 of 3rd period - Snap shot by Nathan MacKinnon.
18:00 of 3rd period - Goal by Nathan MacKinnon - St-Louis Blues : 3 - Colorado Avalanche : 6.
18:01 of 3rd period - Jason Spezza wins face-off versus Ivan Barbashev in neutral zone.
18:04 of 3rd period - Snap shot by Brayden Point.
18:04 of 3rd period - Stopped by Thomas Greiss without a rebound.
18:05 of 3rd period - Patrik Berglund wins face-off versus Jason Spezza in St-Louis Blues zone.
18:10 of 3rd period - Slapshot by Alex Pietrangelo.
18:10 of 3rd period - Stopped by Semyon Varlamov without a rebound.
18:11 of 3rd period - Jason Spezza wins face-off versus Ivan Barbashev in Colorado Avalanche zone.
18:26 of 3rd period - Off-side.
18:27 of 3rd period - Lars Eller wins face-off versus Paul Stastny in neutral zone.
18:38 of 3rd period - Slapshot by Sven Andrighetto.
18:38 of 3rd period - Stopped by Thomas Greiss without a rebound.
18:39 of 3rd period - Kris Versteeg wins face-off versus Ivan Barbashev in St-Louis Blues zone.
19:04 of 3rd period - Jamie Oleksiak is hit by Sven Andrighetto and loses puck.
19:12 of 3rd period - Snap shot by Gustav Nyquist.
19:12 of 3rd period - Stopped by Thomas Greiss with a rebound.
19:49 of 3rd period - Minor Penalty to Jamie Oleksiak for High sticking.
19:50 of 3rd period - Jason Spezza wins face-off versus Jacob Josefson in St-Louis Blues zone.
19:50 of 3rd period - Snap shot by Brayden Point.
19:50 of 3rd period - Stopped by Thomas Greiss without a rebound.
19:51 of 3rd period - Jason Spezza wins face-off versus Jacob Josefson in St-Louis Blues zone.
Goals for this period are 1 for St-Louis Blues vs 4 for Colorado Avalanche.
Shots for this period are 12 for St-Louis Blues vs 13 for Colorado Avalanche.